 Dungeon Crawl Stone Soup version 0.30-a0-234-g97d66968fd (webtiles) character file.

Game seed: 9905562881317017406

483 qw the Chopper (level 7, -3/44 HPs)
             Began as a Gargoyle Fighter on Oct 9, 2022.
             Slain by a yak (8 damage)
             ... on level 4 of the Dungeon.
             The game lasted 00:01:29 (3631 turns).

qw the Chopper (Gargoyle Fighter)                   Turns: 3631, Time: 00:01:29

Health: -3/44      AC: 21    Str: 24    XL:     7   Next: 12%
Magic:  7/7        EV:  6    Int: 15    God:
Gold:   206        SH:  4    Dex:  9    Spells: 6/6 levels left

rFire   . . .      SeeInvis .    Y - +0 war axe
rCold   . . .      Faith    .    c - +0 buckler
rNeg    + . .      Spirit   .    k - +0 plate armour
rPois   inf        Reflect  .    e - +0 helmet
rElec   +          Harm     .    q - +0 cloak
rCorr   .          Rampage  .    l - +0 pair of gloves
Will    .....                    f - +0 pair of boots
Stlth   ..........               (no amulet)
HPRegen 0.27/turn                a - ring "Geracar" {+Blink Fly rElec Str+3 Int+6}
MPRegen 0.10/turn                (no ring)

@: flying
A: sickness immunity, AC +4, negative energy resistance 1, electricity
resistance, torment resistance 1, petrification resistance
a: Evoke Blink


You were on level 4 of the Dungeon.
You visited 1 branch of the dungeon, and saw 4 of its levels.

You collected 206 gold pieces.


Innate Abilities, Weirdness & Mutations

You are immune to sickness and miasma.
Your stone body is resilient. (AC +4)
You are immune to poison.
You resist negative energy. (rN+)
You are resistant to electric shocks. (rElec)
You are resistant to unholy torment.
You are immune to petrification.


   Skills:
 - Level 4.9 Fighting
 + Level 5.8 Axes
 - Level 4.0 Armour
 - Level 3.2 Shields


You had 6 spell levels left.
You didn't know any spells.
Your spell library was empty.

Inventory:

Hand Weapons
 s - a +0 flail
 Y - a +0 war axe (weapon)
Armour
 c - a +0 buckler (worn)
 e - a +0 helmet (worn)
 f - a +0 pair of boots (worn)
 k - a +0 plate armour (worn)
 l - a +0 pair of gloves (worn)
 q - a +0 cloak (worn)
Jewellery
 a - the ring "Geracar" (left hand) {+Blink Fly rElec Str+3 Int+6}
   (You acquired it on level 1 of the Dungeon)

   [ring of intelligence]

   Str:       It affects your strength (+3).
   Int:       It affects your intelligence (+6).
   rElec:     It insulates you from electricity.
   Fly:       It grants you flight.
   +Blink:    It lets you blink.
 p - a ring of fire
Scrolls
 j - 2 scrolls of identify
Potions
 b - a potion of degeneration {unknown}
 d - a potion of might
 h - a potion of ambrosia {unknown}
 i - a potion of brilliance {unknown}
 m - a potion of haste
 n - a potion of curing {unknown}
 o - a potion of mutation {unknown}
 r - a potion of attraction {unknown}

Dungeon Overview and Level Annotations

Branches:
Dungeon (4/15)
 Temple: D:4-7

Altars:
Ashenzari

Annotations:
D:3 2 transporters, qw's ghost, amateur GrFi


Message History

You hit the yak but do no damage.
The yak is lightly wounded.
You barely miss the hobgoblin.
The hobgoblin hits you but does no damage.
The yak closely misses you.
You slash the yak!
The yak is moderately wounded.
You slash the hobgoblin!
You kill the hobgoblin!
The yak gores you.
You hit the yak but do no damage.
The yak is moderately wounded.
The yak gores you!
You slash the yak!
The yak is severely wounded.
The yak gores you but does no damage.
A yak comes into view.
You block the yak's attack.
You barely miss the yak.
The yak is severely wounded.
The yak bellows!
The yak gores you!
3625 ||| Stepping ~*~*~tactically~*~*~ (stealth).
3626 ||| Stepping ~*~*~tactically~*~*~ (stealth).
3627 ||| Stepping ~*~*~tactically~*~*~ (stealth).
You closely miss the yak.
The yak is severely wounded.
The yak gores you but does no damage.
You hit the yak but do no damage.
The yak is severely wounded.
The yak gores you.
You hit the yak.
The yak is severely wounded.
The yak gores you but does no damage. x3
You hit the yak.
The yak is almost dead.
You hit the yak.
A yak comes into view.
The yak gores you!
You die...

....#....#....# .......
.........##..#..
.......##......####.....
........#.........#.....
#.........###.............
Y........>#..##..........
###......#......##.........
..............##.).........
..... #@....#...........
... #YY.#..<........#.
##.###...............#>
.#....................#.
.........Y.................
..........#................
.##......##..............##
......###................#
#/..##. #........%)..#...#


You could see 3 yaks.

Vanquished Creatures
  2 black bears (D:4)
  3 orc priests
  An orc wizard (D:4)
  9 adders
  An ufetubus (D:4)
  4 worms
  2 dart slugs (D:1)
  8 orcs
  11 endoplasms
  A giant cockroach (D:2)
  8 hobgoblins
  2 jackals (D:1)
  2 kobolds
  4 quokkas
  5 ball pythons
  3 bats
  A frilled lizard (D:3)
  9 goblins
  9 rats
85 creatures vanquished.

Notes
Turn   | Place    | Note
-------+----------+-------------------------------------------
     0 | D:1      | qw the Gargoyle Fighter began the quest for the Orb.
     0 | D:1      | Reached XP level 1. HP: 14/14 MP: 1/1
     0 | D:1      | 0 ||| qw: Version: 0.2-a-17-g06abaee
     0 | D:1      | 0 ||| qw: Game counter: 2327
     0 | D:1      | 0 ||| qw: Always use a shield: true
     0 | D:1      | 0 ||| qw: God list: Okawaru
     0 | D:1      | 0 ||| qw: Allow faded altars: false
     0 | D:1      | 0 ||| qw: Do Orc after D:15 true
     0 | D:1      | 0 ||| qw: Do second Lair branch before Depths: true
     0 | D:1      | 0 ||| qw: Lair rune preference: random
     0 | D:1      | 0 ||| qw: Plans: Normal, Zot:1-4, God:TSO, Crypt, Tomb,
                  | Pan, Slime:5, Hells, Abyss, Orb
     0 | D:1      | 0 ||| PLANNING D:1-11
    75 | D:1      | Reached skill level 2 in Axes
   426 | D:1      | 426 ||| Stepping ~*~*~tactically~*~*~ (hiding).
   436 | D:1      | Reached XP level 2. HP: 19/19 MP: 2/2
   450 | D:1      | 450 ||| Stepping ~*~*~tactically~*~*~ (stealth).
   452 | D:1      | 452 ||| Stepping ~*~*~tactically~*~*~ (stealth).
   620 | D:1      | 620 ||| Stepping ~*~*~tactically~*~*~ (hiding).
   780 | D:1      | 780 ||| UPGRADING to +0 pair of boots.
   785 | D:1      | 785 ||| UPGRADING to +0 pair of gloves.
   790 | D:1      | 790 ||| DROPPING ring of wizardry.
   791 | D:1      | 791 ||| READING scroll labelled ZITITSAISI.
   792 | D:1      | 792 ||| READING scroll labelled GILLOK QODI.
   793 | D:1      | 793 ||| READING scroll labelled FYDIGH ELIUVO.
   794 | D:1      | 794 ||| READING scroll labelled GIPLAO SEIW.
   794 | D:1      | Identified a scroll of acquirement
   794 | D:1      | 794 ||| ACQUIRING ring "Geracar" {+Blink Fly rElec Str+3
                  | Int+6}
   794 | D:1      | Acquired the ring "Geracar" {+Blink Fly rElec Str+3 Int+6}
   796 | D:1      | 796 ||| UPGRADING to ring "Geracar" {+Blink Fly rElec Str+3
                  | Int+6}.
   797 | D:1      | 797 ||| READING scroll labelled EZXUNL ZOTIC.
   822 | D:2      | 822 ||| STAIRDANCE
   828 | D:1      | Reached skill level 3 in Axes
   828 | D:1      | Reached XP level 3. HP: 23/23 MP: 3/3
   830 | D:2      | 830 ||| STAIRDANCE
  1019 | D:2      | Reached XP level 4. HP: 28/28 MP: 4/4
  1140 | D:2      | 1140 ||| Stepping ~*~*~tactically~*~*~ (stealth).
  1299 | D:2      | 1299 ||| Stepping ~*~*~tactically~*~*~ (stealth).
  1301 | D:2      | 1301 ||| Stepping ~*~*~tactically~*~*~ (stealth).
  1303 | D:2      | 1303 ||| Stepping ~*~*~tactically~*~*~ (stealth).
  1308 | D:2      | Reached skill level 4 in Axes
  1589 | D:2      | 1589 ||| UPGRADING to +0 helmet.
  1594 | D:2      | 1594 ||| UPGRADING to +0 plate armour.
  1609 | D:2      | 1609 ||| DROPPING +0 scale mail.
  1610 | D:2      | 1610 ||| UPGRADING to +0 cloak.
  1823 | D:2      | 1823 ||| READING scroll labelled AMOEVU YWKUPRU.
  1824 | D:2      | 1824 ||| READING scroll labelled LAIMYOMOCZU.
  1925 | D:2      | 1925 ||| READING scroll labelled RIUPAPNORGH.
  1926 | D:2      | 1926 ||| READING 2 scrolls labelled UTEUCE TYCAFAEQI.
  1927 | D:2      | 1927 ||| DRINKING 2 golden potions.
  1976 | D:3      | 1976 ||| Stepping ~*~*~tactically~*~*~ (hiding).
  1992 | D:3      | 1992 ||| FLEEEEING.
  1999 | D:3      | 1999 ||| STAIRDANCE
  2174 | D:3      | Found a transporter.
  2175 | D:3      | Noticed qw's ghost (amateur GrFi)
  2175 | D:3      | Noticed an ogre
  2176 | D:3      | Found a transporter.
  2279 | D:3      | Reached XP level 5. HP: 32/32 MP: 5/5
  2454 | D:3      | Reached skill level 5 in Axes
  2608 | D:3      | 2608 ||| Stepping ~*~*~tactically~*~*~ (hiding).
  2609 | D:3      | 2609 ||| Stepping ~*~*~tactically~*~*~ (hiding).
  3098 | D:4      | Noticed a black bear
  3103 | D:4      | 3103 ||| STAIRDANCE
  3142 | D:4      | Killed a black bear
  3143 | D:4      | Reached XP level 6. HP: 32/40 MP: 6/6
  3143 | D:4      | 3143 ||| STAIRDANCE
  3177 | D:4      | Found a broken altar of Ashenzari.
  3238 | D:4      | HP: 9/40 [orc priest/divine providence (13)]
  3240 | D:4      | 3240 ||| READING 2 scrolls of teleportation.
  3307 | D:4      | Noticed a black bear
  3315 | D:4      | HP: 7/40 [black bear (7)]
  3316 | D:4      | 3316 ||| READING scroll of teleportation.
  3318 | D:4      | Killed a black bear
  3319 | D:4      | Reached XP level 7. HP: 8/44 MP: 7/7
  3341 | D:4      | HP: 11/44 [adder (3)]
  3353 | D:4      | HP: 8/44 [orc/+0 trident (5)]
  3377 | D:4      | 3377 ||| FLEEEEING.
  3384 | D:4      | 3384 ||| Stepping ~*~*~tactically~*~*~ (stealth).
  3461 | D:4      | 3461 ||| Stepping ~*~*~tactically~*~*~ (stealth).
  3505 | D:4      | 3505 ||| Stepping ~*~*~tactically~*~*~ (stealth).
  3555 | D:4      | 3555 ||| DROPPING +0 whip.
  3560 | D:4      | 3560 ||| Stepping ~*~*~tactically~*~*~ (stealth).
  3607 | D:4      | Noticed a yak
  3608 | D:4      | 3608 ||| Stepping ~*~*~tactically~*~*~ (stealth).
  3610 | D:4      | Noticed a yak
  3611 | D:4      | 3611 ||| Stepping ~*~*~tactically~*~*~ (stealth).
  3618 | D:4      | Noticed a yak
  3619 | D:4      | 3619 ||| Stepping ~*~*~tactically~*~*~ (stealth).
  3623 | D:4      | Noticed a yak
  3624 | D:4      | HP: 8/44 [yak (10)]
  3625 | D:4      | 3625 ||| Stepping ~*~*~tactically~*~*~ (stealth).
  3626 | D:4      | 3626 ||| Stepping ~*~*~tactically~*~*~ (stealth).
  3627 | D:4      | 3627 ||| Stepping ~*~*~tactically~*~*~ (stealth).
  3629 | D:4      | HP: 5/44 [yak (5)]
  3631 | D:4      | Noticed a yak
  3631 | D:4      | Slain by a yak

Levels and vault maps discovered:
D:1:      ebering_trefoil_twist, layout_basic
D:2:      layout_basic, serial_co_window_serial, co_window_paths_a,
          co_window_paths_a, co_window_paths_a, co_window_paths_a,
          co_window_of_opportunity_a, co_window_unsneaky_path_b,
          co_window_cross_2, co_window_of_opportunity_c, co_window_paths_e,
          co_window_paths_d, item_on_display_a
D:3:      layout_basic, serial_corexii_hall, chequers_hall_statues_corner_a,
          chequers_hall_statues_corner_a, gammafunk_ghost_smash
D:4:      layout_cave_pools, overflow_temple_1_default, serial_park,
          serial_park_tiny_1, serial_park_tiny_pond, serial_park_square3
          [serial_park_minivault_5x5_2], serial_park_gazebo
          [serial_park_minivault_5x5_4], kennysheep_donut

Skill      XL: |  1  2  3  4  5  6 |
---------------+-------------------+-----
Axes           | 2 3 4 5 |  5.8
Fighting       | 4 |  4.9
Armour         | 4 |  4.0
Shields        | |  3.2

Action                   |  1- 3 |  4- 6 |  7- 9 || total
-------------------------+-------+-------+-------++-------
Melee: War axe           |    69 |   128 |    57 ||   254
  Use: Scroll            |     5 |     6 |       ||    11
       Potion            |       |     1 |       ||     1
Armor: Scale mail        |    35 |     9 |       ||    44
       Plate armour      |       |    97 |    36 ||   133
       Skin              |       |     2 |       ||     2
Dodge: Dodged            |    23 |    44 |    10 ||    77
Block: Buckler           |    15 |    25 |     7 ||    47

Table legend:
 A = Non-vault XP
 B = Vault XP
 C = Vault XP percentage of total XP
 D = Non-vault monster count
 E = Vault monster count
 F = Vault count percentage of total count
                 A         B        C        D         E       F
            +---------+---------+-------+---------+---------+-------
      Total |     681 |       9 |   1.3 |      80 |       5 |   5.9
            +---------+---------+-------+---------+---------+-------
        D:1 |      44 |       0 |   0.0 |      17 |       0 |   0.0
        D:2 |      68 |       0 |   0.0 |      23 |       0 |   0.0
        D:3 |     145 |       0 |   0.0 |      22 |       0 |   0.0
        D:4 |     424 |       9 |   2.1 |      18 |       5 |  21.7
            +---------+---------+-------+---------+---------+-------
